 Dungeon Crawl Stone Soup version 0.27-a0-1548-gf8a67e7463 (webtiles) character file.

Game seed: 9271376423377712648

86 pyrow613 the Conjurer (level 4, 35/35 HPs)
             Began as a Draconian Conjurer on July 13, 2021.
             Was a Believer of Cheibriados.
             Got out of the dungeon alive.
             The game lasted 00:04:40 (2419 turns).

pyrow613 the Conjurer (Draconian Conjurer)          Turns: 2419, Time: 00:04:40

Health: 35/35      AC:  5    Str: 14    XL:     4   Next: 26%
Magic:  7/7        EV: 12    Int: 23    God:    Cheibriados [**....]
Gold:   111        SH:  0    Dex: 13    Spells: 4/7 levels left

rFire    . . .     SeeInvis .   a - +0 dagger
rCold    . . .     Faith    .   (no shield)
rNeg     . . .     Spirit   .   (armour unavailable)
rPois    .         Reflect  .   (helmet restricted)
rElec    .         Harm     .   (no cloak)
rCorr    .         Rampage  .   (no gloves)
Will     .....                  (no boots)
Stlth    ++........             (no amulet)
HPRegen  0.11/turn              (no ring)
MPRegen  0.10/turn              (no ring)

@: very slow
A: AC +5, unfitting armour, cold-blooded
a: Renounce Religion, Bend Time


You escaped.
You worshipped Cheibriados.
Cheibriados was pleased with you.
You visited 1 branch of the dungeon, and saw 3 of its levels.

You collected 111 gold pieces.

Inventory:

Hand Weapons
 a - a +0 dagger (weapon)
Wands
 e - a wand of iceblast (7)
Scrolls
 c - a scroll of vulnerability {unknown}
 h - 4 scrolls of identify {unknown}
Potions
 b - 2 potions of haste {unknown}
 d - a potion of flight {unknown}
 f - a potion of curing {unknown}
 g - a potion of might {unknown}


   Skills:
 * Level 1.1 Fighting
 - Level 1.7 Dodging
 - Level 1.7 Stealth
 + Level 2.3 Spellcasting
 * Level 5.4 Conjurations


You had 4 spell levels left.
You knew the following spells:

 Your Spells              Type           Power      Damage    Failure   Level
a - Magic Dart            Conj           100%       1d8       1%          1
b - Searing Ray           Conj           54%        3d5       1%          2

Your spell library contained the following spells:

 Spells                   Type           Power      Damage    Failure   Level
 Dazzling Flash           Conj/Hex       30%        N/A       12%         3
 Fulminant Prism          Conj/Hex       7%         3d7       38%         4
 Iskenderun's Mystic Bla  Conj/Tloc      15%        2d5       38%         4


Dungeon Overview and Level Annotations

Branches:
Dungeon (3/15)

Altars:
Cheibriados


Innate Abilities, Weirdness & Mutations

Your plain brown scales are hard. (AC +5)
You cannot fit into any form of body armour.
You are cold-blooded and may be slowed by cold attacks.


Message History

h - 3 scrolls labelled YLU LUBRORGHIU
Found 31 stones.
There is a stone staircase leading down here.
Found a chain mail.
Found a scroll labelled YLU LUBRORGHIU.
Found a short sword.
h - 4 scrolls labelled YLU LUBRORGHIU (gained 1)
You see here a +0 short sword.
You see here a +0 short sword.
Found 13 gold pieces.
You now have 95 gold pieces (gained 13).
Found 16 gold pieces.
You now have 111 gold pieces (gained 16).
Found 21 stones.
You see here 21 stones.
Done exploring.
Done exploring.
There is a stone staircase leading down here.
You climb downwards.
Found 17 bolts and 12 arrows.
Found a stone staircase leading up.
There is a stone staircase leading up here.
There is a stone staircase leading up here.
You climb upwards.
There is a stone staircase leading down here.
Unknown command.
There is a stone staircase leading up here.
You climb upwards.
There is a stone staircase leading down here.
You see here a +0 whip.
You see here a +0 dagger.
There is a large open door here.
There is a large open door here.
There is a large open door here.
There is a large open door here.
There is a large open door here.
There is a large open door here.
There is an open door here.
There is a staircase leading out of the dungeon here.
Are you sure you want to leave the Dungeon?
This will make you lose the game!
You have escaped!

#.# #.#######...## #.#
#.##.......#.#
#.####.#.....#.#.##
#.............#.##
#.####........###
#######.####..#...#.######
#......≈≈≈≈≈≈≈≈≈≈.≈≈≈≈≈≈≈≈
#.#####≈######♣##'##♣#####
#.# #≈#@.8# ≈#'#≈♣≈#8.>
### #.#
#≈#...##8##.##8##... ..#
#.# #≈#...'.........'...
#.######.#
#≈#...###8#+#8###...
.........#
#≈#8.8##♣##+##♣##8.8
#.########
≈##'##♣≈.....≈♣##'# ..#
#.##♣.......♣##.# ..####
#.8#.........#8.#
.....#######
#≈#.##...≈♣≈...##.#


There were no monsters in sight!

Vanquished Creatures
  3 adders (D:2)
  A gnoll (D:1)
  3 ball pythons
  A bat zombie (D:1)
  An endoplasm (D:1)
  2 giant cockroaches
  5 goblins (D:1)
  5 hobgoblins
  7 quokkas
  7 bats
  3 frilled lizards (D:1)
  4 kobolds
  A quokka zombie (D:1)
  4 rats
47 creatures vanquished.

Notes
Turn   | Place    | Note
-------+----------+-------------------------------------------
     0 | D:1      | pyrow613 the Draconian Conjurer began the quest for the
                  | Orb.
     0 | D:1      | Reached XP level 1. HP: 14/14 MP: 3/3
   399 | D:1      | Reached XP level 2. HP: 19/20 MP: 1/5
   657 | D:1      | Learned a level 2 spell: Searing Ray
  1178 | D:1      | Reached XP level 3. HP: 20/27 MP: 3/6
  1179 | D:1      | Reached skill level 1 in Fighting
  1257 | D:1      | Found a faded altar of an unknown god.
  1288 | D:1      | Became a worshipper of Cheibriados the Contemplative
  1288 | D:1      | Reached * piety under Cheibriados
  1494 | D:2      | Reached skill level 5 in Conjurations
  1748 | D:2      | Reached XP level 4. HP: 31/35 MP: 2/7
  1860 | D:2      | Reached ** piety under Cheibriados
  2419 | D:$      | Got out of the dungeon alive.

Illustrated notes

Levels and vault maps discovered:
D:1:      saegor_arrival_fortress, layout_loops_ring,
          shapermc_ecumenical_altar_starsandcircs
D:2:      layout_loops_cross, serial_glass, glass_columns_c, glass_columns_b,
          glass_columns_a, glass_columns_a, minmay_strange_pillars,
          feat_on_display
D:3:      layout_loops_corners, hangedman_abyss_or_decor_lesser_grid,
          nrook_campfire

Skill      XL: |  1  2  3 |
---------------+----------+-----
Fighting       | 1 |  1.1
Conjurations   | 5 |  5.4
Dodging        | |  1.7
Stealth        | |  1.7
Spellcasting   | |  2.3

Action                   |  1- 3 |  4- 6 || total
-------------------------+-------+-------++-------
Melee: Dagger            |    49 |       ||    49
       Unarmed           |     2 |       ||     2
       Tailslap          |     2 |       ||     2
 Cast: Magic Dart        |    56 |     9 ||    65
       Searing Ray       |     3 |       ||     3
Armor: Skin              |    19 |       ||    19
Dodge: Dodged            |    40 |       ||    40

Table legend: (Time is in decaauts)
 A = Elapsed time spent in this place.
 B = Non-inter-level travel time spent in this place.
 C = Inter-level travel time spent in this place.
 D = Time resting spent in this place.
 E = Time spent auto-exploring this place.
 F = Levels seen in this place.
 G = Mean time per level.
                   A        B        C        D        E       F      G
               +--------+--------+--------+--------+--------+-----+--------+
         Total |   2752 |   2589 |    163 |      0 |   2318 |   3 |  917.3 |
       Dungeon |   2752 |   2589 |    163 |      0 |   2318 |   3 |  917.3 |
               +--------+--------+--------+--------+--------+-----+--------+

Top non-repeatable levels by time:
     D:1: 1610 daAuts
     D:2: 1137 daAuts
     D:3: 4 daAuts
